Map: Canyon of Tribulation

Players

Kejawan

  • Race: Protoss Protoss
  • Spawn Location: 3:00

twoshoes - Winner!

  • Race: Protoss Protoss
  • Spawn Location: 6:00

Kingfischer - Winner!

  • Race: Terran Terran
  • League: Bronze
  • Spawn Location: 6:00

finessipov - Winner!

  • Race: Terran Terran
  • League: Platinum
  • Spawn Location: 7:00

Revenbard

  • Race: Terran Terran
  • League: Platinum
  • Spawn Location: 12:00

redbusman

  • Race: Terran Terran
  • League: Bronze
  • Spawn Location: 12:00

VOD

Have the link to the VOD?

Description

Time

  • Played on: July 12, 2020, 11:16 p.m.
  • Length: 15:53
Show
View Real Time Build Order
Export as new Build Order

Kejawan Protoss 

Build Orders: 1 Gate Expand 

Get SALT Encoding   

  12  0:01  Probe  
  13  0:09  Probe  
  14  0:17  Probe  
  14  0:24  Pylon  
  15  0:37  Assimilator  
  16  0:42  Probe  
  16  0:54  Gateway  
  16  0:55  Probe  
  17  1:02  Assimilator  
  17  1:07  Probe  
  18  1:19  Probe  
  19  1:31  Probe  
  20  1:36  Nexus  
  20  1:43  Probe  
  21  1:54  Cybernetics Core  
  21  2:06  Pylon  
  21  2:14  Zealot  
  24  2:30  Probe  
  24  2:33  Zealot  
  24  2:41  Pylon  
  26  2:49  Stargate  
  26  2:53  Stargate  
  26  3:07  Probe  
  27  3:15  Probe  
  28  3:21  Forge  
  28  3:24  Probe  
  29  3:36  Probe  
  29  3:37  Void Ray  
  34  3:47  Probe  
  35  3:51  Assimilator  
  35  3:55  Probe  
  35  3:56  Assimilator  
  36  4:03  Probe  
  36  4:07  Void Ray  
  37  4:14  Probe  
  42  4:25  Probe  
  43  4:33  Probe  
  44  4:41  Probe  
  44  4:43  Void Ray  
  49  4:50  Void Ray  
  53  4:53  Probe  
  54  5:03  Pylon  
  54  5:07  Photon Cannon  
  54  5:17  Void Ray  
  54  5:21  Probe  
  59  5:33  Probe  
  56  5:39  Stalker  
  58  5:46  Photon Cannon, Probe  
  58  5:49  Photon Cannon  
  59  5:58  Probe  
  60  6:09  Stalker  
  62  6:28  Void Ray  
  62  6:36  Void Ray  
  62  7:01  Stargate  
  62  7:04  Stargate  
  62  7:28  Fleet Beacon  
  62  8:12  Void Ray  
  62  8:15  Void Ray  
  62  8:17  Probe  
  59  8:29  Probe  
  59  8:32  Nexus  
  60  8:35  Pylon  
  60  8:38  Pylon  
  60  8:41  Probe  
  61  8:44  Pylon  
  61  8:53  Void Ray x2, Probe  
  70  8:56  Void Ray  
  70  8:58  Void Ray  
  70  9:01  Photon Cannon  
  78  9:03  Photon Cannon  
  78  9:05  Photon Cannon, Probe  
  77  9:16  Photon Cannon  
  71  9:17  Photon Cannon  
  59  9:36  Photon Cannon  
  59  9:37  Void Ray  
  61  10:10  Pylon  
  61  10:13  Pylon  
  61  10:28  Void Ray x2  
  69  10:30  Void Ray  
  69  10:31  Nexus  
  73  10:36  Photon Cannon  
  73  10:37  Photon Cannon  
  73  10:46  Photon Cannon  
  61  11:00  Void Ray  
  65  11:11  Void Ray  
  65  11:30  Void Ray x2  
  73  11:40  Assimilator, Probe  
  73  11:45  Assimilator  
  74  11:48  Probe  
  71  11:58  Probe  
  68  12:10  Probe  
  69  12:22  Probe  
  70  12:30  Carrier x2, Void Ray  
  70  12:31  Carrier  
  92  12:48  Probe  
  92  12:52  Photon Cannon  
  93  14:06  Probe  
  90  14:12  Void Ray  
  90  14:17  Void Ray  
  90  14:18  Probe  
  91  14:30  Probe  
  92  14:32  Void Ray  
  92  14:42  Probe  
  93  14:52  Void Ray  
  93  14:54  Void Ray  
  93  14:55  Void Ray  
Show
View Real Time Build Order
Export as new Build Order

twoshoes Protoss - Winner!

Build Orders: 1 Gate Expand, Oracle Opening 

Get SALT Encoding   

  12  0:01  Probe  
  13  0:13  Pylon  
  13  0:18  Probe  
  14  0:33  Gateway, Probe  
  15  0:41  Probe  
  15  0:49  Probe  
  16  0:53  Assimilator  
  17  1:01  Probe  
  18  1:24  Nexus  
  18  1:34  Cybernetics Core  
  18  1:44  Assimilator  
  18  1:45  Probe  
  19  1:57  Probe  
  20  2:10  Probe  
  21  2:21  Pylon  
  21  2:22  Probe  
  22  2:34  Probe  
  23  2:38  Probe  
  24  2:45  Stargate  
  24  2:49  Probe  
  25  2:54  Nexus  
  25  2:57  Probe  
  25  3:05  Probe  
  27  3:14  Stargate  
  27  3:21  Probe  
  28  3:32  Oracle  
  28  3:33  Probe  
  32  3:43  Assimilator  
  32  3:46  Probe  
  33  3:53  Probe  
  34  3:58  Probe  
  34  4:01  Void Ray  
  39  4:05  Probe  
  40  4:10  Probe  
  41  4:17  Probe  
  41  4:20  Assimilator  
  41  4:21  Protoss Air Weapons Level 1  
  41  4:22  Probe  
  43  4:34  Probe  
  44  5:34  Probe  
  45  5:39  Void Ray x2  
  45  5:46  Probe  
  54  5:52  Pylon  
  54  5:54  Assimilator  
  54  5:58  Probe  
  54  5:59  Assimilator  
  55  6:11  Probe  
  52  6:16  Stalker  
  50  6:50  Nexus  
  50  7:02  Pylon  
  50  7:05  Pylon  
  50  7:06  Void Ray  
  45  7:08  Pylon  
  36  7:17  Pylon  
  36  7:21  Pylon  
  27  7:33  Nexus  
  25  7:45  Probe  
  26  7:53  Probe  
  27  7:59  Probe  
  27  8:03  Probe  
  28  8:11  Probe  
  30  8:15  Probe  
  31  8:21  Forge  
  31  8:24  Probe  
  32  8:27  Probe  
  32  8:29  Robotics Facility  
  32  8:33  Probe  
  34  8:36  Probe  
  34  8:39  Probe  
  36  8:45  Probe  
  36  8:48  Probe  
  38  8:52  Probe  
  39  8:56  Pylon  
  39  8:57  Probe  
  39  9:01  Pylon  
  40  9:04  Probe  
  40  9:07  Photon Cannon  
  42  9:10  Probe  
  42  9:12  Photon Cannon  
  42  9:16  Pylon  
  42  9:19  Pylon  
  42  9:22  Probe  
  42  9:24  Probe  
  44  9:34  Probe  
  44  9:36  Photon Cannon, Probe  
  46  9:43  Photon Cannon  
  46  9:46  Probe  
  46  9:47  Photon Cannon  
  46  9:48  Probe  
  46  9:52  Photon Cannon  
  48  9:57  Photon Cannon  
  48  9:58  Probe  
  49  10:00  Probe  
  49  10:02  Photon Cannon  
  50  10:08  Pylon  
  50  10:12  Probe  
  50  10:13  Pylon  
  51  10:21  Void Ray x2  
  55  10:24  Probe  
  55  10:27  Probe  
  61  10:31  Probe  
  61  10:35  Probe  
  62  10:36  Probe  
  62  10:39  Protoss Air Armor Level 1, Probe  
  65  10:43  Probe x2  
  65  10:47  Assimilator  
  67  10:51  Photon Cannon, Probe  
  67  10:52  Probe  
  67  10:55  Probe x2  
  67  10:56  Assimilator  
  70  10:59  Photon Cannon  
  70  11:03  Probe  
  70  11:04  Photon Cannon, Probe x2  
  72  11:08  Photon Cannon, Probe  
  72  11:10  Photon Cannon  
  75  11:13  Probe  
  75  11:15  Photon Cannon, Probe  
  77  11:20  Photon Cannon, Probe  
  77  11:23  Probe  
  79  11:25  Probe  
  79  11:32  Probe  
  81  11:35  Probe, Void Ray x2  
  81  11:39  Probe  
  91  11:44  Probe  
  91  11:45  Stargate  
  92  11:48  Stargate  
  92  11:51  Probe  
  92  11:53  Observer  
  94  12:03  Probe  
  94  12:08  Fleet Beacon, Void Ray x2  
  95  12:13  Probe  
  96  12:17  Probe  
  96  12:21  Void Ray  
  96  12:22  Void Ray  
  105  12:25  Probe  
  105  12:29  Probe  
  115  12:37  Probe  
  115  12:41  Probe  
  117  12:51  Void Ray x2  
  121  12:53  Probe  
  126  13:01  Void Ray  
  126  13:02  Void Ray  
  134  13:05  Probe  
  135  13:16  Probe  
  136  13:28  Probe  
  136  13:34  Void Ray x2  
  141  13:37  Void Ray  
  141  13:38  Void Ray  
  145  13:45  Probe  
  154  13:51  Observer  
  155  14:12  Pylon  
  155  14:16  Void Ray x2  
  159  14:22  Pylon  
  163  14:26  Pylon  
  163  14:30  Void Ray x2  
  171  14:32  Pylon  
  171  14:36  Photon Cannon  
  171  14:59  Void Ray x2  
Show
View Real Time Build Order
Export as new Build Order

Kingfischer Terran - Winner!

Build Orders:  

Get SALT Encoding   

  12  0:01  SCV  
  13  0:15  Supply Depot  
  13  0:18  SCV  
  14  0:30  SCV  
  15  0:42  Barracks  
  15  0:44  SCV  
  16  0:57  SCV  
  16  1:02  Refinery  
  17  1:10  SCV  
  18  1:30  Orbital Command  
  18  1:49  Command Center  
  18  2:04  SCV  
  18  2:07  Refinery  
  19  2:26  Supply Depot  
  19  2:27  Barracks Tech Lab  
  19  2:29  SCV  
  20  2:47  SCV  
  21  3:00  Factory, Marine  
  22  3:13  SCV  
  22  3:18  Marine  
  22  3:19  SCV  
  25  3:24  Supply Depot  
  25  3:25  SCV  
  26  3:36  Marine  
  26  3:37  SCV  
  28  3:46  Factory Tech Lab  
  28  3:47  Engineering Bay  
  28  3:49  SCV  
  28  3:52  Starport  
  28  3:54  Marine  
  30  4:00  SCV  
  30  4:01  SCV  
  32  4:22  Widow Mine  
  34  4:36  Barracks  
  34  4:44  Widow Mine  
  36  4:53  Starport  
  36  5:04  Missile Turret  
  36  5:05  Orbital Command, Widow Mine  
  38  5:11  Missile Turret  
  38  5:16  Medivac  
  40  5:42  Starport Reactor  
  40  5:50  SCV  
  41  5:58  Refinery  
  41  6:00  Refinery  
  41  6:02  SCV  
  42  6:08  Command Center  
  42  6:15  Barracks Reactor, SCV  
  43  6:18  Barracks  
  43  6:23  Starport Tech Lab  
  43  6:27  SCV  
  43  6:29  Marine  
  37  6:47  Marine  
  38  6:59  Medivac  
  38  7:00  Medivac  
  42  7:03  Raven  
  42  7:04  Marine  
  42  7:07  SCV  
  46  7:19  SCV  
  46  7:22  Marine  
  48  7:32  Missile Turret  
  48  7:40  Marine, Widow Mine  
  51  7:46  Barracks Reactor  
  51  7:50  Barracks  
  51  8:02  Widow Mine  
  53  8:23  Widow Mine  
  55  8:29  Terran Infantry Weapons Level 1  
  55  8:31  Missile Turret  
  55  8:35  Engineering Bay  
  55  8:36  SCV  
  55  8:40  Armory  
  56  8:41  SCV  
  56  8:44  Widow Mine  
  59  8:49  SCV  
  59  8:50  SCV  
  59  8:54  SCV  
  62  9:01  SCV  
  62  9:02  Supply Depot, SCV  
  64  9:03  Terran Infantry Armor Level 1  
  64  9:06  SCV  
  64  9:09  Supply Depot  
  65  9:18  SCV  
  66  9:30  SCV  
  67  9:58  Marine x4  
  67  9:59  Marine  
  68  10:50  Marine  
  68  10:51  Marine x4  
  68  10:54  Barracks Tech Lab  
  68  10:57  Stimpack  
  73  11:04  Barracks  
  73  11:08  Terran Infantry Weapons Level 2  
  73  11:09  Terran Infantry Armor Level 2  
  73  11:10  Marauder, Missile Turret  
  75  11:20  Orbital Command  
  75  11:28  Refinery  
  75  11:29  SCV x2  
  75  11:30  Refinery  
  75  11:31  Marauder  
  79  11:41  SCV  
  79  11:42  Command Center  
  80  11:47  Marine x5  
  85  12:02  Supply Depot  
  85  12:05  Supply Depot  
  85  12:15  Barracks Reactor  
  85  12:23  Marine x4, Medivac x2  
  85  12:26  Marauder x2, Medivac  
  85  12:29  Supply Depot  
  99  12:31  Supply Depot  
  99  12:34  Supply Depot  
  99  12:41  Marine x2  
  101  12:47  Missile Turret  
  101  12:50  Marauder x2, Marine x2  
  107  12:53  Medivac x2  
  107  12:56  Medivac  
  113  12:59  Marine  
  114  13:08  Marine x2  
  114  13:12  Marauder x2  
  120  13:17  Supply Depot  
  120  13:20  Supply Depot  
  120  13:25  Supply Depot  
  120  13:26  Supply Depot  
  120  13:33  Marauder x2  
  124  13:37  Marine  
  124  13:38  Marine x5  
  130  13:55  Marauder x2  
  130  14:50  Viking x3  
  135  15:20  Viking x3  
Show
View Real Time Build Order
Export as new Build Order

finessipov Terran - Winner!

Build Orders:  

Get SALT Encoding   

  12  0:00  SCV  
  13  0:13  SCV  
  14  0:19  Supply Depot  
  14  0:25  SCV  
  15  0:40  SCV  
  16  0:43  Barracks  
  16  0:47  Refinery  
  16  0:53  SCV  
  17  1:05  SCV  
  17  1:07  Supply Depot  
  18  1:17  SCV  
  19  1:29  SCV  
  19  1:30  Supply Depot, Marine  
  21  1:55  Command Center  
  21  2:04  Orbital Command  
  21  2:15  Factory  
  21  2:31  SCV  
  22  2:40  Refinery  
  22  2:44  SCV  
  22  3:01  Starport, Factory Tech Lab  
  22  3:02  SCV  
  23  3:14  Command Center, SCV  
  24  3:21  Siege Tank  
  24  3:26  Engineering Bay  
  27  3:28  SCV  
  27  3:31  SCV  
  29  3:48  SCV  
  30  3:49  SCV  
  30  3:52  Starport Reactor  
  31  3:58  Armory  
  31  4:00  SCV, Missile Turret  
  31  4:01  SCV  
  33  4:13  SCV x2  
  35  4:19  Missile Turret  
  35  4:25  SCV  
  35  4:28  Refinery  
  35  4:30  Armory  
  36  4:38  Siege Tank  
  39  4:53  SCV x2  
  39  4:55  Refinery  
  39  4:59  Terran Ship Weapons Level 1  
  41  5:00  SCV  
  41  5:05  SCV  
  43  5:13  SCV  
  44  5:15  Viking  
  46  5:23  Missile Turret  
  46  5:25  SCV  
  47  5:31  Terran Vehicle And Ship Armor Level 1  
  47  5:37  SCV  
  47  5:40  Starport  
  48  5:43  SCV  
  48  5:44  Missile Turret  
  50  5:52  Planetary Fortress  
  50  5:55  SCV  
  50  6:05  Starport  
  50  6:07  SCV  
  50  6:10  Refinery  
  50  6:18  Viking x2  
  51  6:28  Viking  
  53  6:49  Starport Reactor  
  53  6:53  Hi-Sec Auto Tracking  
  53  6:55  SCV  
  54  7:05  Missile Turret  
  54  7:06  Command Center  
  54  7:07  SCV  
  54  7:08  Viking x3  
  61  7:25  Missile Turret  
  61  7:43  Orbital Command  
  61  7:46  Starport Reactor  
  61  7:47  Viking  
  61  7:48  Viking x2  
  67  8:14  Viking  
  67  8:18  SCV, Viking x3  
  76  8:21  Refinery  
  76  8:23  Viking x2  
  80  8:29  Terran Ship Weapons Level 2  
  80  8:30  SCV  
  81  8:42  SCV  
  81  8:44  Viking  
  84  8:56  Supply Depot  
  84  8:57  Supply Depot  
  84  9:00  Supply Depot  
  84  9:01  Supply Depot x2  
  84  9:14  Viking  
  84  9:18  SCV, Viking x2  
  84  9:19  Supply Depot  
  84  9:22  Supply Depot  
  84  9:23  Supply Depot  
  89  9:27  Viking x3  
  89  9:30  SCV  
  96  9:44  Viking  
  98  9:48  SCV, Viking x2  
  98  9:51  SCV  
  104  9:57  SCV, Viking x3  
  109  10:01  SCV  
  106  10:09  SCV  
  106  10:13  SCV  
  106  10:21  SCV  
  105  10:33  Viking x6  
  113  10:39  Terran Vehicle And Ship Armor Level 2  
  97  11:10  Viking x6  
  105  11:40  Viking x4  
  111  11:52  Viking x2  
  97  12:09  Viking  
  97  12:10  Viking x3  
  103  12:22  Viking x2  
  107  12:31  Terran Ship Weapons Level 3  
  107  12:38  SCV  
  107  12:39  Viking  
  110  12:45  Viking x2  
  110  12:46  Refinery, Viking  
  110  12:48  Refinery  
  110  12:50  SCV  
  111  12:51  Viking  
  111  12:52  Viking  
  111  13:02  SCV  
  110  13:09  Viking  
  111  13:16  Viking x3  
  115  13:30  Viking x2  
  119  13:39  Viking  
  121  13:46  Viking  
  121  13:53  Viking x2  
  101  14:00  Viking x2  
  99  14:09  Viking  
  99  14:16  Viking  
  95  14:23  Viking x2  
  97  14:30  Viking x2  
  101  14:39  Viking  
  103  14:46  Viking  
  101  14:53  Viking x2  
  101  15:15  Viking x3  
  101  15:16  Viking  
Show
View Real Time Build Order
Export as new Build Order

Revenbard Terran 

Build Orders:  

Get SALT Encoding   

  12  0:01  SCV  
  13  0:13  SCV  
  14  0:19  Supply Depot  
  14  0:25  SCV  
  15  0:40  SCV  
  15  0:42  Barracks  
  16  0:52  Refinery  
  16  0:53  SCV  
  17  1:05  SCV  
  17  1:08  Barracks  
  18  1:17  SCV  
  19  1:30  Orbital Command  
  19  1:34  Marine  
  20  1:58  Command Center  
  20  2:02  SCV  
  21  2:15  Factory  
  21  2:16  Marine  
  21  2:20  SCV  
  23  2:35  Supply Depot  
  23  2:56  Marine x2  
  25  2:59  Supply Depot  
  25  3:00  Factory Tech Lab  
  25  3:06  Starport  
  25  3:09  Refinery  
  25  3:12  SCV x2  
  27  3:16  Refinery  
  27  3:19  Marine  
  28  3:24  SCV x2  
  30  3:31  Supply Depot  
  30  3:36  Barracks Reactor, SCV  
  30  3:37  Barracks Tech Lab  
  31  3:55  SCV  
  32  3:57  Banshee  
  32  4:01  Cloaking Field  
  35  4:07  SCV  
  36  4:11  Refinery  
  36  4:12  Orbital Command  
  36  4:19  SCV  
  36  4:20  Marine x3  
  40  4:24  Supply Depot  
  41  4:31  SCV  
  41  4:37  Marine  
  36  4:46  SCV x2  
  37  4:58  SCV x2  
  39  5:00  Banshee  
  42  5:10  SCV x2  
  44  5:22  SCV  
  44  5:23  SCV  
  46  5:29  Marine x3  
  46  5:34  SCV  
  46  5:35  SCV  
  51  5:43  Supply Depot, Banshee  
  51  5:47  Marine x3, SCV x2  
  59  5:59  SCV x2  
  61  6:04  Marine  
  61  6:05  Marine x2  
  61  6:11  SCV x2  
  66  6:22  Marine x2  
  66  6:23  SCV x2  
  70  6:35  SCV x2  
  72  6:44  Command Center  
  72  6:47  SCV x2  
  74  6:59  SCV x2  
  76  7:11  SCV x2  
  76  7:12  Command Center  
  78  7:30  Supply Depot  
  78  7:33  SCV x2  
  77  7:45  SCV  
  78  7:53  Supply Depot  
  78  7:55  Fusion Core  
  78  8:03  Marine x3, Armory  
  81  8:07  Stimpack  
  81  8:10  Viking  
  83  8:16  Supply Depot  
  83  8:21  Marine x3  
  86  8:30  Starport  
  86  8:36  Starport  
  86  8:38  Supply Depot  
  86  8:40  Viking  
  88  8:44  SCV x4  
  92  8:50  Refinery  
  92  8:56  SCV x4  
  96  9:08  SCV x3  
  99  9:10  Viking  
  99  9:16  Refinery  
  101  9:19  Refinery, Orbital Command  
  101  9:21  Orbital Command  
  101  9:22  SCV  
  101  9:23  SCV  
  103  9:34  SCV  
  103  9:35  SCV  
  105  9:38  Starport Reactor  
  105  9:39  Starport Reactor  
  105  9:40  Viking  
  107  9:46  Combat Shield  
  107  9:47  SCV x2  
  109  9:59  SCV  
  81  10:36  Marine  
  81  10:37  Marine x2  
  81  10:42  Hellbat  
  82  10:48  SCV x3  
  82  10:49  SCV  
  86  10:54  Marine x2  
  88  11:00  Marine, SCV x3  
  88  11:03  Hellbat  
  89  11:12  Marine x2  
  89  11:18  Marine  
  66  11:30  Marine x2  
  65  11:36  Marine  
  63  11:47  Marine  
  63  11:48  Marine  
  63  11:53  Marine  
  66  12:04  Barracks  
  66  12:05  Marine  
  66  12:06  Marine  
  68  12:09  Barracks  
  68  12:11  Marine  
  68  12:12  Barracks  
  69  12:17  Barracks  
  69  12:20  Barracks  
  69  12:23  Marine x2  
  69  12:29  Marine  
  72  12:41  Marine x2  
  74  12:44  Engineering Bay  
  74  12:47  Marine  
  70  12:59  Marine x3  
  70  13:05  Marine  
  53  13:13  Engineering Bay  
  53  13:16  Marine x2  
  53  13:17  Marine  
  53  13:18  Marine x2  
  50  13:22  Marine  
  37  13:34  Marine  
  37  13:35  Marine  
  37  13:36  Marine x2  
  37  13:37  Marine  
  37  13:40  Marine  
  40  13:52  Marine x2  
  40  13:53  Marine  
  40  13:54  Marine x2  
  45  13:58  Marine  
  45  14:10  Marine x2  
  45  14:11  Marine  
  45  14:16  Marine  
  49  14:23  Command Center  
  49  14:28  Marine x2  
  49  14:29  Command Center  
  51  14:34  Marine  
  41  14:46  Marine x2  
  41  14:51  Marine  
  35  14:55  Marine x2  
  25  15:03  Marine  
  25  15:04  Marine  
  21  15:09  Marine  
  21  15:12  Marine  
  21  15:13  Marine  
  11  15:21  Marine  
  11  15:22  Marine  
  11  15:27  Marine  
  11  15:31  Marine  
Show
View Real Time Build Order
Export as new Build Order

redbusman Terran 

Build Orders:  

Get SALT Encoding   

  12  0:02  SCV  
  13  0:18  Supply Depot  
  13  0:23  SCV  
  14  0:35  SCV  
  15  0:44  Barracks  
  15  0:48  SCV  
  16  1:00  SCV  
  17  1:26  Command Center  
  17  1:27  SCV  
  17  1:31  Refinery  
  18  1:36  Refinery  
  18  1:39  SCV  
  19  1:50  Engineering Bay  
  19  1:56  Orbital Command  
  19  2:04  Marine  
  20  2:22  Marine, SCV  
  22  2:35  SCV  
  23  2:39  Marine  
  24  2:47  SCV  
  24  2:49  Neosteel Armor  
  25  2:57  Marine  
  26  2:59  Orbital Command  
  26  3:15  Marine  
  27  3:25  Factory  
  27  3:31  Missile Turret  
  27  3:36  Missile Turret  
  27  3:38  SCV  
  28  3:44  Marine  
  29  3:50  SCV  
  29  3:54  Supply Depot  
  30  4:01  Marine  
  30  4:02  SCV  
  32  4:14  SCV  
  33  4:19  Marine  
  33  4:23  Starport, Command Center  
  34  4:26  SCV  
  35  4:33  Factory Tech Lab  
  35  4:37  Marine  
  36  4:42  Refinery  
  36  4:45  Refinery  
  36  4:54  Missile Turret  
  36  4:55  Marine  
  37  5:03  Starport Tech Lab  
  37  5:05  Siege Tank  
  40  5:13  Supply Depot, Marine  
  41  5:36  Missile Turret  
  41  5:37  Siege Tank, Orbital Command  
  41  5:42  SCV  
  45  5:45  SCV  
  46  5:54  SCV  
  47  5:57  SCV  
  48  6:05  SCV  
  48  6:06  SCV  
  48  6:09  Siege Tank, SCV  
  54  6:17  SCV  
  55  6:18  SCV  
  55  6:21  SCV  
  55  6:25  Refinery  
  57  6:30  Refinery  
  57  6:31  SCV  
  58  6:39  Starport  
  58  6:43  Starport  
  58  6:48  Fusion Core  
  58  6:51  SCV  
  59  7:03  SCV  
  60  7:15  SCV  
  61  7:25  Starport Tech Lab  
  61  7:27  SCV  
  61  7:29  Starport Tech Lab  
  62  7:34  Armory  
  62  7:38  Armory  
  62  7:39  SCV  
  63  7:45  Battlecruiser  
  69  8:12  Supply Depot  
  69  8:15  Supply Depot  
  69  8:25  Supply Depot  
  69  8:29  Supply Depot  
  69  8:32  Supply Depot  
  69  8:34  SCV, Battlecruiser  
  76  8:37  Supply Depot, Battlecruiser  
  76  8:40  Supply Depot  
  82  8:44  Terran Vehicle And Ship Armor Level 1  
  82  8:46  SCV, Terran Ship Weapons Level 1  
  83  8:54  SCV  
  84  8:58  SCV  
  85  9:05  Supply Depot  
  85  9:06  SCV  
  85  9:09  Supply Depot  
  86  9:10  SCV  
  87  9:18  SCV  
  87  9:20  Battlecruiser  
  87  9:22  SCV  
  95  9:30  SCV  
  96  9:38  Battlecruiser  
  96  9:41  Battlecruiser  
  96  9:42  SCV  
  103  9:49  Missile Turret  
  103  9:55  Missile Turret  
  103  10:00  Missile Turret  
  103  10:24  Battlecruiser  
  104  10:42  Battlecruiser  
  103  10:46  Battlecruiser  
  103  11:03  Weapon Refit  
  91  11:26  Terran Vehicle And Ship Armor Level 2  
  91  11:28  Terran Ship Weapons Level 2  
  91  11:31  Battlecruiser  
  97  11:33  Cyclone  
  100  11:47  Battlecruiser  
  106  12:05  Cyclone  
  109  12:11  Missile Turret  
  109  12:16  Missile Turret  
  109  12:18  Missile Turret  
  109  12:19  Missile Turret  
  109  12:22  Missile Turret  
  109  12:24  Missile Turret  
  109  12:26  Missile Turret  
  109  12:28  Missile Turret  
  109  12:30  Missile Turret  
  109  12:37  Cyclone  
  109  12:42  Battlecruiser x2  
  124  12:58  Supply Depot  
  124  13:02  Supply Depot  
  124  13:04  Supply Depot  
  124  13:11  Supply Depot  
  124  13:13  Supply Depot  
  112  14:02  Battlecruiser  
  112  14:03  Battlecruiser x2  
  112  14:48  SCV  
  113  15:00  SCV  
  126  15:12  SCV  
  127  15:24  SCV  
  128  15:36  SCV  
Tags
 
Add a new tag
Caveats
  • Supply blocks, unpowered buildings, or Contaminate may cause inaccurate times.
  • Supply counts are checked every 10 seconds.